Cogmind - Beta 16.1 @@@ ROGUE MODE // 2026.04.06 @ 13:31:54 Player: littleman Result: Destroyed by TP-92X(M) with Heavy Riot Gun Performance ------------- Evolutions (1) 500 Regions Visited (5) 1000 Robots Destroyed (21) 105 Value Destroyed (325) 325 Prototype IDs (1) 20 Alien Tech Used (0) 0 Bonus (459) 459 TOTAL SCORE: 2409 Bonus ------- Met Imprinter 300 Was Imprinted 300 Friendly Fire -141 Cogmind --------- Core Integrity 0/400 Matter 284/300 Energy 45/100 System Corruption 1% Temperature Cool (60) Movement Flying (200) Ox2 Location -7/Zion Parts ------- > --- POWER (1) -------- (None) > --- PROPULSION (3) --- Flight Unit > --- UTILITY (2) ------ Small Storage Unit Mobile Refinery Mk. CCLXVII > --- WEAPON (3) ------- Mining Claw > --- INVENTORY (8) ---- Decoy Drone Bay Bomb Factory No. 2 Riot Gun Barrage Gun GAL Module Peak State ------------ > --- POWER ------------ Backup Power I > --- PROPULSION ------- Flight Unit Flight Unit > --- UTILITY ---------- Small Storage Unit Light Armor Plating > --- WEAPON ----------- Riot Gun Battle Cannon Mining Claw > --- INVENTORY -------- Decoy Drone Bay Bomb Factory No. 2 Light Assault Rifle Autogun Barrage Gun GAL Module [Rating: 15] Favorites ----------- Power Backup Power I Engine Backup Power I Propulsion Flight Unit Leg Aluminum Leg Flight Unit Flight Unit Utility Small Storage Unit Device Tractor Beam Storage Small Storage Unit Protection Light Armor Plating Weapon Mining Claw Energy Gun Small Laser Ballistic Gun Light Assault Rifle Ballistic Cannon Battle Cannon Special Weapon Mining Laser Slashing Weapon Mining Claw Build | -11 -10 -10 -9 -9 -7 ------- Run | Yrd Mat Min Mat Min Zio Slots Evolved 2 | . . . 2 . . Power . | . . . . . . Propulsion 1 | . . . 1 . . Utility . | . . . . . . Weapon 1 | . . . 1 . . Parts Attached 25 | 8 . . 11 . 6 Power 2 | 1 . . 1 . . Engine 2 | 1 . . 1 . . Core . | . . . . . . Reactor . | . . . . . . Propulsion 6 | 2 . . 4 . . Treads . | . . . . . . Leg 3 | 2 . . 1 . . Wheel . | . . . . . . Hover . | . . . . . . Flight 3 | . . . 3 . . Utility 5 | 2 . . 2 . 1 Device 3 | 1 . . 1 . 1 Storage 1 | 1 . . . . . Processor . | . . . . . . Hackware . | . . . . . . Protection 1 | . . . 1 . . Artifact . | . . . . . . Weapon 12 | 3 . . 4 . 5 Energy Gun 2 | 1 . . . . 1 Energy Cannon . | . . . . . . Ballistic Gun 6 | 2 . . 2 . 2 Ballistic Cannon 2 | . . . . . 2 Launcher . | . . . . . . Special Weapon 1 | . . . 1 . . Impact Weapon . | . . . . . . Slashing Weapon 1 | . . . 1 . . Piercing Weapon . | . . . . . . Special Melee Weapon . | . . . . . . Unidentified Prototypes 1 | . . . . . 1 Parts Lost 15 | . . . 10 . 5 Power 2 | . . . 1 . 1 Propulsion 4 | . . . 3 . 1 Utility 3 | . . . 2 . 1 Weapon 6 | . . . 4 . 2 Highest Loss Streak 6 | . . . 6 . 5 To Critical Strikes 1 | . . . . . 1 Average Backups 5 | . 2 4 5 7 5 Power . | . . 1 1 2 . Propulsion . | . . . . 1 . Utility 1 | . . . 1 1 2 Weapon 2 | . 1 3 1 3 2 Tool/Special . | . . . . . . Unused Backups 7 | . . . 1 . 6 Power 3 | . . . 1 . 2 Propulsion . | . . . . . . Utility 2 | . . . . . 2 Weapon 2 | . . . . . 2 Tool/Special . | . . . . . . Average Slot Usage (%) 86 | . 100 100 68 88 87 Engine 10 | . 14 14 7 11 11 Leg 2 | . 28 28 5 . . Flight 19 | . . . 12 22 21 Device 1 | . 14 14 5 . . Storage 11 | . 14 14 11 11 11 Protection 9 | . . . 2 11 10 Energy Gun 2 | . 14 14 2 . 1 Ballistic Gun 14 | . 14 14 13 22 14 Ballistic Cannon 5 | . . . . . 6 Slashing Weapon 9 | . . . 7 11 11 Peak Build Rating 15 | 7 7 8 11 11 15 Average Rating 12 | 4 7 7 7 11 13 On Entrance 7 | . 7 7 8 11 11 Avg Prop Armor Cover (%) . | . . . . . . Naked Turns . | . . . . . . Heaviest Build 20 | 12 12 12 19 15 20 Greatest Support 20 | 20 20 20 20 8 8 Greatest Overweight (x) 2 | . . . 2 1 2 Average Overweight (x) 1 | . . . 1 1 1 Largest Inventory Capacity 8 | 8 8 8 8 8 8 Average Capacity 7 | 6 8 8 8 8 8 Most Carried 8 | 3 4 6 8 8 8 Average Carried 7 | 1 2 4 6 8 7 Final Capacity 8 | 8 8 8 8 8 8 Final Carried 8 | 1 4 6 8 8 7 Class Distribution -------------------- 58% | Mutant 41% | Scavenger-Mutant Dominant Class ---------------- Mutant | -10/Materials Mutant | -10/Mines Scavenger-Mutant | -9/Materials Scavenger-Mutant | -9/Mines Mutant | -7/Zion Resources | -11 -10 -10 -9 -9 -7 ----------- Run | Yrd Mat Min Mat Min Zio Matter Collected 699 | 269 29 24 173 . 204 Remotely 181 | 65 29 24 63 . . Salvage Created 537 | 95 45 92 305 . . Parts 46 | 3 8 12 23 . . Haulers Intercepted . | . . . . . . Recyclers Shooed . | . . . . . . Parts Field Recycled . | . . . . . . Retrieved Matter . | . . . . . . Parts Self-Destructed . | . . . . . . Prevented . | . . . . . . Parts Restored . | . . . . . . Kills | -11 -10 -10 -9 -9 -7 ------- Run | Yrd Mat Min Mat Min Zio Combat Hostiles Destroyed 20 | . 3 6 11 . . Guns 20 | . 3 6 11 . . Classes Destroyed 5 | 1 1 . 3 . . Recycler 1 | 1 . . . . . Swarmer 16 | . 3 6 7 . . Grunt 2 | . . . 2 . . Brawler 1 | . . . 1 . . Sentry 1 | . . . 1 . . Best Kill Streak 6 | 1 3 3 6 . . Combat Bots Only 6 | . 3 3 6 . . Max Kills in Single Turn 2 | 1 2 2 1 . . Gunslinging 1 | . 1 1 . . . Exploded . | . . . . . . Melee . | . . . . . . Uniques/NPCs Destroyed . | . . . . . . Combat | -11 -10 -10 -9 -9 -7 -------- Run | Yrd Mat Min Mat Min Zio Hostile Shots Fired 217 | . 10 15 147 . 45 Missed 57 | . 3 7 38 . 9 Hits 160 | . 7 8 109 . 36 Melee 1 | . . . 1 . . Projectile 159 | . 7 8 108 . 36 Critical Strikes 4 | . . 1 2 . 1 Damage Taken 1747 | . 58 58 1048 . 583 Core 442 | . 15 16 350 . 61 Absorbed by Shields . | . . . . . . Regen/Repaired (Parts) 191 | . . . . . 191 Core Remaining (%) 93 | 100 . 87 . . . Volleys Fired 95 | 2 4 8 61 . 20 Largest 2 | 2 2 2 2 . 2 Hottest 70 | 60 60 60 60 . 70 Shots Fired 142 | 4 8 16 76 . 38 Gun 125 | 4 8 16 76 . 21 Cannon 17 | . . . . . 17 Launcher . | . . . . . . Special . | . . . . . . Kinetic 111 | 2 4 8 62 . 35 Thermal 28 | 2 4 8 14 . . Explosive . | . . . . . . Electromagnetic 3 | . . . . . 3 Robot Hit Streak 8 | 3 3 7 8 . 4 Robot Miss Streak 5 | . 5 2 4 . 5 Penetration Max . | . . . . . . Secondary Targets 5 | . 1 1 3 . . Max Gunslinging Chain 1 | . 1 1 1 . . Shots Hit Robots 69 | 3 3 11 46 . 6 Core Hits 33 | 2 3 6 17 . 5 Critical Kills . | . . . . . . Critical Parts Destroyed . | . . . . . . Critical Strikes . | . . . . . . Melee Attacks 11 | . . . . . 11 Impact . | . . . . . . Slashing 11 | . . . . . 11 Piercing . | . . . . . . Sneak Attacks . | . . . . . . Combat Hostiles . | . . . . . . Follow-up Attacks . | . . . . . . Damage Inflicted 855 | 33 40 134 461 . 187 Guns 668 | 33 40 134 461 . . Cannons 187 | . . . . . 187 Explosions . | . . . . . . Melee . | . . . . . . Ramming . | . . . . . . Kinetic 655 | 11 29 67 361 . 187 Thermal 200 | 22 11 67 100 . . Explosive . | . . . . . . Electromagnetic . | . . . . . . Impact . | . . . . . . Slashing . | . . . . . . Piercing . | . . . . . . Highest Corruption 1 | . . . . . 1 Average Corruption 1 | . . . . . 1 Corruption Purged . | . . . . . . Corruption Blocked . | . . . . . . Overload Shots . | . . . . . . Overflow Damage 4 | . . . . . 4 Projectiles 4 | . . . . . 4 Explosions . | . . . . . . Melee . | . . . . . . Knockbacks 1 | . . . . . 1 Impact . | . . . . . . Kinetic 1 | . . . . . 1 Secondary . | . . . . . . Self-Inflicted Damage . | . . . . . . Shots . | . . . . . . Rammed . | . . . . . . Targets Rammed . | . . . . . . Kicked . | . . . . . . Crushed . | . . . . . . Highest Temperature 78 | . . . 8 . 78 Average Temperature 22 | . . . 5 . 23 Received Heat Transfer 361 | . . . 222 . 139 Siege Activations . | . . . . . . Martial Activations . | . . . . . . Shielding Activations . | . . . . . . Robots Disrupted . | . . . . . . Combat Hostiles . | . . . . . . Robots Corrupted . | . . . . . . Combat Hostiles . | . . . . . . Parts Fried . | . . . . . . Impact Corruptions . | . . . . . . Robots Melted . | . . . . . . Combat Hostiles . | . . . . . . Parts Melted . | . . . . . . Heat Transferred 450 | 50 25 150 225 . . Parts Sabotaged . | . . . . . . Parts Stolen . | . . . . . . Parts Stripped . | . . . . . . Power Chain Reactions . | . . . . . . Alert | -11 -10 -10 -9 -9 -7 ------- Run | Yrd Mat Min Mat Min Zio Maximum Alert Level . | . . . . . . Low Security (%) 100 | 100 100 100 100 100 . Level 1 . | . . . . . . Level 2 . | . . . . . . Level 3 . | . . . . . . Level 4 . | . . . . . . Level 5 . | . . . . . . High Security . | . . . . . . Max Security . | . . . . . . Peak Influence 146 | 5 70 146 135 2 . Initial 29 | . . 11 29 2 . Average 62 | . 27 104 64 2 . Influence Increases 513 | 5 70 155 283 . . Destroy 0b10 Robot/C 400 | . 60 120 220 . . Destroy 0b10 Robot/NC 5 | 5 . . . . . Destroy Leader 70 | . 10 20 40 . . Successful Hack 8 | . . . 8 . . Disable Machine 15 | . . 15 . . . Lose Combat Pursuer 15 | . . . 15 . . Influence Decreases 513 | 5 40 109 352 5 2 Entered New Map 73 | . . 19 47 5 2 Time Decay 341 | 5 40 90 206 . . Lost Part 99 | . . . 99 . . Squads Dispatched . | . . . . . . Investigation . | . . . . . . Extermination . | . . . . . . Reinforcement . | . . . . . . Assault . | . . . . . . Garrison . | . . . . . . Intercept . | . . . . . . Searches Triggered . | . . . . . . Construction Impeded . | . . . . . . Haulers Reinforced . | . . . . . . Active Scanning Responses . | . . . . . . Cargo Convoy Interrupts . | . . . . . . Stealth | -11 -10 -10 -9 -9 -7 --------- Run | Yrd Mat Min Mat Min Zio Distress Signals 2 | . . . 2 . . Communications Jammed . | . . . . . . Distress Signals . | . . . . . . Times Spotted 35 | . 3 5 17 . 10 Peak Tracking Total 13 | . 3 2 7 . 13 Tactical Retreats 1 | . . . 1 . . Traps | -11 -10 -10 -9 -9 -7 ------- Run | Yrd Mat Min Mat Min Zio Traps Triggered . | . . . . . . Indirectly . | . . . . . . Trap Hack Attempts . | . . . . . . Triggered . | . . . . . . Disarmed . | . . . . . . Reprogrammed . | . . . . . . Reused . | . . . . . . Traps Extracted . | . . . . . . Installed . | . . . . . . Triggered . | . . . . . . Machines | -11 -10 -10 -9 -9 -7 ---------- Run | Yrd Mat Min Mat Min Zio Machines Disabled 1 | . . 1 . . . Max in Single Turn 1 | . . 1 . . . Machines Repaired . | . . . . . . Machines Dismantled . | . . . . . . Machines Sabotaged . | . . . . . . Overloaded Fab Kills . | . . . . . . Hacking | -11 -10 -10 -9 -9 -7 --------- Run | Yrd Mat Min Mat Min Zio Machines Accessed 4 | . . 1 2 . 1 Terminals 1 | . . . 1 . . Fabricators . | . . . . . . Repair Stations 1 | . . . 1 . . Recycling Units . | . . . . . . Scanalyzers . | . . . . . . Garrison Access . | . . . . . . Total Hacks 10 | . . 1 4 . 5 Successful 9 | . . 1 3 . 5 Failed 1 | . . . 1 . . Catastrophic . | . . . . . . Database Lockouts . | . . . . . . Manual 4 | . . . . . 4 Terminals 2 | . . . 2 . . Fabricators . | . . . . . . Repair Stations 2 | . . . 2 . . Recycling Units . | . . . . . . Scanalyzers . | . . . . . . Garrison Access . | . . . . . . Terminal Hacks 8 | . . 1 2 . 5 Record 2 | . . . 2 . . Part Schematic 5 | . . . . . 5 Open Door 1 | . . 1 . . . Fabricator Hacks . | . . . . . . Repair Station Hacks 1 | . . . 1 . . Refit 1 | . . . 1 . . Recycling Unit Hacks . | . . . . . . Scanalyzer . | . . . . . . Garrison Access Hacks . | . . . . . . Unauthorized Hacks . | . . . . . . Terminals . | . . . . . . Fabricators . | . . . . . . Repair Stations . | . . . . . . Recycling Units . | . . . . . . Scanalyzers . | . . . . . . Garrison Access . | . . . . . . Data Cores Recovered . | . . . . . . Used . | . . . . . . Hacking Detections 1 | . . . 1 . . Full Trace Events . | . . . . . . Feedback Events . | . . . . . . Feedback Blocked . | . . . . . . Robot Schematics Acquired . | . . . . . . Robots Built . | . . . . . . Authchips . | . . . . . . Time . | . . . . . . Total Robot Build Rating . | . . . . . . Part Schematics Acquired 5 | . . . . . 5 Parts Built . | . . . . . . Authchips . | . . . . . . Time . | . . . . . . Total Part Build Rating . | . . . . . . Part Studies Acquired . | . . . . . . Parts Repaired . | . . . . . . Time . | . . . . . . Parts Recycled . | . . . . . . Recycled Matter . | . . . . . . Retrieved Matter . | . . . . . . Retrieved Components . | . . . . . . Parts Scanalyzed . | . . . . . . Part Schematics Acquired . | . . . . . . Parts Damaged . | . . . . . . Bothacking | -11 -10 -10 -9 -9 -7 ------------ Run | Yrd Mat Min Mat Min Zio Used RIF Installer . | . . . . . . Robots Hacked . | . . . . . . Non-combat . | . . . . . . Combat . | . . . . . . Robot Hacks Applied . | . . . . . . Relay Couplers Released . | . . . . . . Fabnet Peak Effective % . | . . . . . . Robots Rewired . | . . . . . . Allies Hacked . | . . . . . . Hacks Repelled . | . . . . . . Allies | -11 -10 -10 -9 -9 -7 -------- Run | Yrd Mat Min Mat Min Zio Total Allies 9 | . . . . . 9 Largest Group 9 | . . . . . 9 Highest-Rated Group 297 | . . . . . 297 Highest-Rated Ally 41 | . . . . . 41 Total Orders . | . . . . . . Ally Attacks . | . . . . . . Total Damage . | . . . . . . Kills . | . . . . . . Allies Corrupted . | . . . . . . Allies Melted . | . . . . . . Intel | -11 -10 -10 -9 -9 -7 ------- Run | Yrd Mat Min Mat Min Zio Active Infowar (turns) . | . . . . . . Robot Analysis Total . | . . . . . . Derelict Logs Recovered 4 | . . 1 . . 3 Drone Launches . | . . . . . . Drone Recoveries . | . . . . . . Exploration | -11 -10 -10 -9 -9 -7 ------------- Run | Yrd Mat Min Mat Min Zio Turns Passed 4395 | 67 139 189 422 4 3574 Spaces Moved 2567 | 42 104 137 192 4 2088 Core 21 | 7 . . 14 . . Treads . | . . . . . . Legs 330 | 35 104 137 54 . . Wheels . | . . . . . . Hover . | . . . . . . Flight 2216 | . . . 124 4 2088 Fastest Speed 50 | 50 120 120 114 117 117 Average Speed 149 | 108 120 120 140 117 154 Slowest Speed 197 | 120 120 120 197 117 197 Overloaded Moves . | . . . . . . Propulsion Burnouts . | . . . . . . Robots Hopped . | . . . . . . Potential Cave-ins . | . . . . . . Cave-ins Triggered . | . . . . . . Exploration Rate (%) 28 | 3 25 31 17 6 90 Regions Visited 5 Branch Regions 3 Pre-discovered Areas 1 | . . . . . 1 Known Exits Taken . | . . . . . . Unknown Exits Taken 5 | 1 1 1 1 1 . Scrap Searched 5 | . . . . . 5 Spaces Dug . | . . . . . . Terrain Destroyed . | . . . . . . Melee . | . . . . . . Projectile . | . . . . . . AOE . | . . . . . . Terrain Rammed . | . . . . . . Walls Destroyed . | . . . . . . Machines Disabled . | . . . . . . Actions | -11 -10 -10 -9 -9 -7 --------- Run | Yrd Mat Min Mat Min Zio Total 2973 | 59 110 145 280 3 2376 Wait 234 | . . . . . 234 Move 2562 | 41 103 136 191 3 2088 Hop . | . . . . . . Pick Up 33 | 8 3 1 14 . 7 Fast Attach . | . . . . . . Attach 19 | 7 . . 11 . 1 Detach . | . . . . . . Swap 9 | 1 . . 1 . 7 Drop 10 | . . . 2 . 8 Fire 95 | 2 4 8 61 . 20 Melee 11 | . . . . . 11 Ram . | . . . . . . Kick . | . . . . . . Crush . | . . . . . . Escape Stasis . | . . . . . . Rewire . | . . . . . . Trap . | . . . . . . Miscellaneous . | . . . . . . Route ------- -11/Scrapyard -10/Materials -10/Mines -9/Materials -9/Mines -7/Zion (discovered 1 exit: [*Pro]) History --------- Turn | Location | Event 2 | -11/Scrapyard | Met Revision 17 6 | -11/Scrapyard | Discovered new exit (range 15) 68 | -11/Scrapyard | Entered Materials 157 | -10/Materials | Discovered new exit (range 8) 207 | -10/Materials | Entered Mines 300 | -10/Mines | Learned Materials garrison access intel 312 | -10/Mines | Found the Drone Emporium 317 | -10/Mines | Build established: Mutant 317 | -10/Mines | Found Prototype Device 385 | -10/Mines | Discovered new exit (range 7) 396 | -10/Mines | Entered Materials 396 | -9/Materials | Evolved 2 slots: Propulsion x1, Weapon x1 499 | -9/Materials | Core integrity fell below 50% 520 | -9/Materials | Lost 6 parts (2n1u3w) 539 | -9/Materials | Core integrity fell below 20% 797 | -9/Materials | Discovered new exit (range 13) 818 | -9/Materials | Entered Mines 819 | -9/Mines | A Derelict revealed a hidden shortcut to a safe place 822 | -9/Mines | Entered Zion 859 | -7/Zion | Build established: Scavenger-Mutant 946 | -7/Zion | Learned Factory emergency access door positions 1134 | -7/Zion | Learned location of Warlord (-4) 1171 | -7/Zion | Visited the Megawrench Repair Shop 1171 | -7/Zion | Megawrench repaired 6 parts 1222 | -7/Zion | Learned location of 1 exit from Proximity Caves 1492 | -7/Zion | Given A8's code to call for help 1668 | -7/Zion | Found GAL Module 1738 | -7/Zion | Found Prototype Device 1856 | -7/Zion | Gained Derelict followers 1858 | -7/Zion | Learned Factory emergency access door positions 1914 | -7/Zion | Met Imprinter 1937 | -7/Zion | Imprinted 1939 | -7/Zion | Declared Zion's savior 2479 | -7/Zion | Build established: Mutant 3217 | -7/Zion | Found Prototype Device 3250 | -7/Zion | Discovered new exit (range 16) 4381 | -7/Zion | Attacked by Zionites 4395 | -7/Zion | Identified Mobile Refinery Mk. CCLXVII 4396 | -7/Zion | Destroyed by TP-92X(M) with Heavy Riot Gun Last Messages --------------- PUBLIC SERVICE ANNOUNCEMENT: Quarantine Array scanned 1 system, cleaned 0. PUBLIC SERVICE ANNOUNCEMENT: Quarantine Array scanned 2 systems, cleaned 1. Imprinter is transmitting encrypted data deep into the caves. PUBLIC SERVICE ANNOUNCEMENT: Zion is under attack! Defend our home! Destroyed Particle Charger. Flight Unit destroyed. Lgt. Armor Plating destroyed. Backup Power I destroyed. S1-WCY(s) knocked back. Critical hit (Destroy). Battle Cannon destroyed. S1-WCY(s) suffers critical hit (Burn). S1-WCY(s) destroyed. Flak Cannon destroyed. Identified Mobile Refinery Mk. CCLXVII. Acquired 63 matter. Map ----- +----------------------------------------------------+ | ??????????????????????????#"" " | | ???????????????????????####"" " | | ?????????????????????### ##"""""" | | ?????????????????????#" ##" """"" | | ?????????????????????# # ##""" | | ?????????????????????# "# # " | | ?????????????????????##" #" | | ??????????????????????##" #" | | ???????????????"##???######## | | ????????????????""####"##"###" " | | ?????#############"""""""""#"#" "" | | ?????""""""""" #"#" """"""" "" | | ????"""""""""" #"#" ! " | | ????"" #""" " | | ??????"""" ##"" """""""""" | | ??????""""" """"""##"""" | | ??????""""" ""##""""""" | | ??????""""" ""##" """ | | ??????"""" ###" """"" "" | | ????"" #"#" ""##"" """ | | ????"""""""""" #""" "##""" """" | | ?????""""""""" #"#" """#"" """ | | ?????#############" ""##" "" """"" | | ???????????#####""# ""##"""""""""""" | | ??????????##"""#### #"####"""##" # | | ??????????#" @ MM M #""#?#"#### # | | ??????????#" gM #"##???##"" | | ??????????#" Mgg #??????#"" " | | ??????????## #### #??????##"" " | | ???????????# #??######???????##"" | | ????#?###### #####????????????##"" | | ????"""""""" """"""""??????????##" | | ???#"######" "######"??????????#"" "" | | ???#"# " " " " #"??????????##"""" | | ?###"# c #"???????????##""" | | ?# "#" #"""??????????##"# | | ?# "#" " #"""???????????##? | | ?# # # "?????????????? | | ?# # " "" #????????????? | | ?# " "" # #????????????? | | ?# # " "" #" #????????????? | | ?# # """"" "#"" #????????????? | | ?# "# """"" #"""?????????????? | | ?# "# #"""?????????????? | | ?# ""#"" "#"""?????????????? | | ?#"""#""" #"""?????????????? | | ?###"# """ ""#"???????????????? | | ????"# " " "?"???????????????? | | ????"######### #####??"???????????????? | | ????"""""""""" """""""???????????????? | +----------------------------------------------------+ Best States ------------- Heat Dissipation 38 Energy Generation 10 Energy Capacity 250 Matter Stores 300 Matter Capacity 300 Sight Range 16 Terrain Scan Density 10 Armor Coverage 150 Evasion (%) 55 Item Schematics ----------------- Riot Gun | -7/Zion | Free Battle Cannon | -7/Zion | Free Barrage Gun | -7/Zion | Free Hvy. Riot Gun | -7/Zion | Free Hvy. Battle Rifle | -7/Zion | Free Robot Schematics ------------------ None Fabricated ------------ Nothing Repaired ---------- Nothing Studied --------- None Alien Tech Used ----------------- None Achievements -------------- Use The Force You Again Challenges ------------ None Game ------ Seed SwarmIonicShooter Manual? 0 Play Time 00:32:39 Cumulative 64.5 hours Start 2026.04.06 @ 12:15:53 End 2026.04.06 @ 13:31:54 Sessions 1 Manual Loads 0 Difficulty Rogue Special Mode None Game No. 10 Rogue 9 Adventurer 1 Explorer 0 Win Type - Total 0 Types 0/0/0/0/0/0/0/0/0/0 Lore% 5 Gallery% 19 Achievement% 19 Wizard Run 0 Options --------- Layout 1 ASCII 0 Keyboard 0 Movement Mouse Keybinds 0 Fullscreen 1 Font 24/Smallcaps Map View 50x35 Zoom Use 0% Tactical HUD 0 Map Filters NONE Filters NONE Steam 1 RUN: 46ff2bfb-ec75-4720-b790-61f825e72bbc